 Dungeon Crawl Stone Soup version 0.20-a0-647-gf178af5 (webtiles) character file.

890050 seren the Conqueror (level 25, -5/205 HPs)
             Began as a Minotaur Gladiator on Feb 12, 2017.
             Was the Champion of Ru.
             Killed by drain life
             ... invoked by a soul eater
              (10 damage)
             ... on level 5 of the Realm of Zot on Feb 15, 2017.
             The game lasted 10:10:50 (111968 turns).

seren the Conqueror (Minotaur Gladiator)          Turns: 111968, Time: 10:10:51

Health: -5/205     AC: 24    Str: 29    XL:     25
Magic:  12/31      EV: 38    Int:  4    God:    Ru [******]
Gold:   4122       SH:  0    Dex: 26    Spells: 34/37 levels left

rFire    + + +     SeeInvis .   w - +3 triple crossbow (velocity)
rCold    + + .     Gourm    .   x - +0 fire dragon scales
rNeg     . . .     Faith    .   (shield currently unavailable)
rPois    .         Spirit   .   y - +2 hat
rElec    .         Reflect  .   M - scarf {rC+ rF+}
rCorr    .         Harm     .   K - +2 pair of gloves {Str+3}
MR       ++...                  L - +2 pair of boots of the Assassin {Detection Stab+ Stlth++}
Stlth    +++.......             J - amulet "Bowkajuo" {Regen+ Dex+3}
Regen    0.5/turn               b - ring of Fighting Over It {EV+3 Dex+7 Slay+3}
MPRegen  0.3/turn               A - ring "Zimuirah" {rC+ MR+}

@: exhausted, about to teleport, no potions, heavily drained
A: retaliatory headbutt, horns 2, repulsion field 1, cold resistance 1,
deterioration 1, dopey 1, frail 2, slow regeneration 1, inability to drink while
threatened, hated by all, no air magic, no charms magic, no transmutations
magic, reduced AC 1, MP-powered wands, inexperienced 1
0: Orb of Zot
}: 6/15 runes: serpentine, barnacled, slimy, silver, golden, abyssal
a: Draw Out Power, Power Leap, Apocalypse, Renounce Religion


You were on level 5 of the Realm of Zot.
You worshipped Ru.
Ru was exalted by your worship.
You were very full.

You visited 13 branches of the dungeon, and saw 61 of its levels.
You visited the Abyss 2 times.
You also visited: Labyrinth.

You collected 10952 gold pieces.
You spent 6830 gold pieces at shops.

Inventory:

Hand Weapons
 a - a +4 lajatang of protection
 l - a +5 antimagic lajatang
 w - a +3 triple crossbow of velocity (weapon)
 I - the +6 glaive of the Inferno {chop, rC- Str+5}
   (You took it off a draconian knight on level 5 of the Realm of Zot)

   It inflicts extra damage upon your enemies.
   It affects your strength (+5).
   It makes you vulnerable to cold.
Missiles
 h - 2045 bolts (quivered)
 v - 11 throwing nets {!f}
Armour
 j - a +2 pair of gloves of archery
 k - +2 gold dragon scales
 s - the scarf of Jirus {+Inv rElec rC- Dex+3 Slay+4}
   (You acquired it on level 4 of the Depths)

   It affects your dexterity (+3).
   It affects your accuracy and damage with ranged weapons and melee attacks
   (+4).
   It makes you vulnerable to cold.
   It insulates you from electricity.
   It lets you turn invisible.
 x - +0 fire dragon scales (worn)
 y - a +2 hat (worn)
 K - a +2 pair of gloves of strength (worn)
 L - the +2 pair of boots of the Assassin (worn) {Detection Stab+ Stlth++}
   (You found it in a labyrinth)

   It makes you much more stealthy.
 M - a scarf of resistance (worn)
 O - quicksilver dragon scales
Jewellery
 b - the ring of Fighting Over It (right hand) {EV+3 Dex+7 Slay+3}
   (You bought it in a shop on level 2 of the Orcish Mines)

   [ring of evasion]

   It affects your evasion (+3).
   It affects your dexterity (+7).
   It affects your accuracy and damage with ranged weapons and melee attacks
   (+3).
 A - the ring "Zimuirah" (left hand) {rC+ MR+}
   (You took it off a yaktaur on level 2 of the Depths)

   [ring of protection from magic]

   It protects you from cold.
   It affects your resistance to hostile enchantments.
 B - the ring "Kiara" {rN+ MR+}
   (You took it off a deep elf blademaster on level 3 of the Elven Halls)

   [ring of positive energy]

   It protects you from negative energy.
   It affects your resistance to hostile enchantments.
 C - an uncursed ring of flight
 J - the amulet "Bowkajuo" (around neck) {Regen+ Dex+3}
   (You found it on level 14 of the Dungeon)

   [amulet of regeneration]

   It affects your dexterity (+3).
   It increases your rate of regeneration.
 Q - the ring "Bodies" {rF+++ rC- rN+ MR+ Str+3}
   (You took it off a vampire on level 3 of the Crypt)

   [ring of positive energy]

   It affects your strength (+3).
   It renders you almost immune to fire.
   It makes you vulnerable to cold.
   It protects you from negative energy.
   It affects your resistance to hostile enchantments.
 R - an uncursed ring of resist corrosion
 V - the ring of Pantheism {rN+ Int+3 Dex-2 SInv Stlth+}
   (You took it off a vampire on level 3 of the Crypt)

   [ring of positive energy]

   It affects your intelligence (+3).
   It affects your dexterity (-2).
   It protects you from negative energy.
   It lets you see invisible.
   It makes you more stealthy.
Wands
 o - a wand of digging (15/24)
Scrolls
 c - 5 scrolls of immolation
 e - 15 scrolls of teleportation
 t - 7 scrolls of fog
 z - 2 scrolls of recharging
 E - 2 scrolls of blinking
 F - a scroll of silence
 G - 11 scrolls of fear
 H - 24 scrolls of identify
 T - a scroll of magic mapping
 U - 42 scrolls of remove curse
Potions
 d - 4 potions of agility
 g - 9 potions of heal wounds
 i - 7 potions of berserk rage
 m - a potion of might
 n - 12 potions of curing
 p - 7 potions of mutation
 q - a potion of invisibility
 r - 2 potions of resistance
 N - 4 potions of magic
 Y - 4 potions of haste
Miscellaneous
 W - 3 phantom mirrors
Comestibles
 f - 23 bread rations
 u - 20 meat rations
 Z - 24 royal jellies


   Skills:
 O Level 27(24.8) Fighting
 - Level 9.5(18.3) Polearms
 O Level 27(24.8) Staves
 O Level 27(24.8) Crossbows
 - Level 2.0(0.7) Throwing
 O Level 27(24.8) Armour
 O Level 27(24.8) Dodging
 + Level 16.6(14.8) Stealth
 - Level 6.5(5.1) Spellcasting
 - Level 9.1(7.6) Translocations


You had 34 spell levels left.
You knew the following spells:

 Your Spells              Type           Power        Failure   Level  Hunger
a - Apportation           Tloc           #.....       2%          1    ##.....
b - Blink                 Tloc           N/A          4%          2    ###....


Dungeon Overview and Level Annotations

Branches:
Dungeon (15/15)            Temple (1/1) D:6            Lair (6/6) D:9
 Shoals (4/4) Lair:3        Snake (4/4) Lair:3        Slime (5/5) Lair:6
    Orc (2/2) D:10            Elf (3/3) Orc:2        Vaults (5/5) D:14
  Crypt (3/3) Vaults:3       Tomb (3/3) Crypt:3      Depths (5/5) D:15
    Zot (5/5) Depths:5

Altars:
Ashenzari
Cheibriados
Dithmenos
Elyvilon
Fedhas
Gozag
Hepliaklqana
Kikubaaqudgha
Makhleb
Nemelex Xobeh
Okawaru
Qazlal
Ru
Sif Muna
Trog
Uskayaw
Vehumet
Xom
Yredelemnul
Zin
The Shining One
Beogh
Lugonu

Shops:
D:5 :   D:11 [   D:12 *   Orc:2 =?[[   Elf:2 *   Elf:3 *%!   Snake:1 ?
Vaults:2 [   Vaults:5 %   Depths:1 *

Portals:
Hell: Depths:1 Depths:2 Depths:3 Depths:4
Abyss: Depths:2 Depths:3 Depths:4
Pandemonium: Depths:3 Depths:5
Ziggurat: Depths:2
Trove: Depths:4 (give +5 demon whip)

Annotations:
D:9 exclusion: upstairs
Depths:2 caustic
Zot:3 exclusion: 2 upstairs


Innate Abilities, Weirdness & Mutations

You reflexively headbutt those who attack you in melee.
You have a pair of horns on your head.
You are dopey. (Int -2)
You are very frail. (-20% HP)
You cannot drink potions while threatened.
You are hated by all.
You cannot study or cast Air magic.
You cannot study or cast Charms magic.
You cannot study or cast Transmutations magic.
You take slightly more damage. (AC -3)
You are somewhat inexperienced. (-2 XL)
You are surrounded by a mild repulsion field. (EV +2)
Your flesh is cold resistant. (rC+)
Your body sometimes deteriorates upon taking damage.
You regenerate slowly when monsters are visible.
You expend magic power (3 MP) to strengthen your wands.


Message History

You blink.
As you read the scroll of blinking, it crumbles to dust.
The soul eater completely misses you. You furiously retaliate!
You headbutt the soul eater.
You hear a distant "Zot"!
The Orb Guardian completely misses you. You furiously retaliate!
You headbutt the Orb Guardian.
You redirect the orb of fire's attack!
The blizzard demon waves its arms in wide circles.
The air twists around and strikes you!
* * * LOW HITPOINT WARNING * * *
The soul eater draws from the surrounding life force!
* * * LOW HITPOINT WARNING * * *
The soul eater is healed.
The orb of fire begins to attack, but is stunned by your will!
The Orb Guardian completely misses you. You furiously retaliate!
You headbutt the Orb Guardian, but do no damage.
The orb of fire begins to attack, but is stunned by your will!
The soul eater draws from the surrounding life force!
You die...

▓▓▓▓▓▓▓▓▓▓▓▓▓▓▓
▓▓▓▓.............▓***
▓▓▓.............*.....▓
▓▓................(..... ▓▓▓▓▓▓▓▓
▓.................(.....
.......▓▓▓................).^....
........▓▓.......................
.........▓......@X..............▓
.(..............X..2...........▓▓
....^....▓........*............,*
........▓▓.......X.3...........,,
.......▓▓▓.....................,,
▓▓▓▓▓▓▓▓ #.....................,,
##....................,,
##▓..................,*
▓▓▓▓...............**


You could see an orb of fire, 3 Orb Guardians, a blizzard demon and a soul
eater.

Vanquished Creatures
  Dissolution (Slime:5)
  the Royal Jelly (Slime:5)
  Khufu (Tomb:2)
  10 ancient liches
  2 orbs of fire (Zot:5)
  Mennas (Crypt:1)
  Mara (Vaults:3)
  25 greater mummies
  Boris (Vaults:2)
  Sojobo (Crypt:1)
  2 Killer Klowns (Zot:5)
  Margery (Depths:4)
  Frederick (Vaults:2)
  Vashnia (Snake:2)
  A caustic shrike (Depths:2)
  2 curse toes
  The ghost of kuniqs the Warrior, a veteran DsBe of Trog (Tomb:1)
  Xtahua (Vaults:4)
  6 bone dragons
  10 golden dragons
  2 profane servitors
  Nikola (Depths:1)
  4 electric golems
  Jorgrun (Shoals:3)
  A hellephant (Abyss:3)
  11 liches
  17 tentacled monstrosities
  A pandemonium lord (Zot:5)
  Asterion (Vaults:1)
  22 Orb Guardians (Zot:5)
  An acid blob (shapeshifter) (Depths:2)
  7 quicksilver dragons
  6 titans
  14 tentacled starspawn
  16 acid blobs
  Polyphemus (Shoals:2)
  3 deep elf master archers (Elf:3)
  2 deep elf blademasters
  9 sphinxes
  Gastronok (Lair:2)
  8 death cobs
  A kraken (Shoals:3)
  12 ancient champions
  An Executioner (Abyss:3)
  The ghost of Syneil the Scorcher, an adept DECj of Vehumet (Shoals:3)
  9 shadow dragons
  6 revenants
  7 tengu reavers
  12 storm dragons
  Kirke (Shoals:3)
  Ilsuiw (Shoals:4)
  7 nagarajas
  14 draconian monks
  Donald (Crypt:1)
  7 fire giants
  11 frost giants
  26 vault wardens
  8 deep elf sorcerers
  13 azure jellies
  An orc warlord (Vaults:4)
  A balrug (Abyss:1)
  3 draconian knights
  5 ghost moths
  Aizul (Elf:1)
  4 deep elf elementalists
  2 iron dragons (Vaults:5)
  3 draconian shifters
  6 draconian scorchers
  5 spriggan defenders
  3 curse skulls
  21 ironheart preservers
  2 ghouls
  24 very ugly things
  3 reapers
  2 draconian annihilators (Zot:3)
  7 draconian stormcallers
  A war gargoyle (Vaults:5)
  11 vampire knights
  6 bennus
  43 stone giants
  6 deep elf demonologists
  Azrael (D:12)
  12 black draconians
  12 white draconians
  9 green draconians
  21 spark wasps
  14 deep elf annihilators
  8 purple draconians
  9 red draconians
  6 eidola
  8 yellow draconians
  Snorg (Lair:4)
  13 deep elf death magi
  A minotaur (Lab)
  A green death (Abyss:1)
  26 mummy priests
  32 jiangshi
  17 yaktaur captains
  A crystal guardian (Vaults:4)
  12 merfolk javelineers
  12 ettins
  24 great orbs of eyes
  10 merfolk impalers
  5 deep elf high priests
  Josephine (D:15)
  10 death oozes
  18 fire dragons
  Harold (D:12)
  Erolcha (Orc:2)
  10 rakshasas
  19 ice dragons
  2 merfolk avatars
  18 naga warriors
  39 vault guards
  5 spriggan air magi
  A ghost crab (Abyss:3)
  14 centaur warriors
  7 anacondas
  An alligator snapping turtle (Shoals:2)
  2 quicksilver dragon skeletons
  18 ogre magi
  4 catoblepae
  5 death knights
  14 hydras
  5 merfolk aquamancers
  30 two-headed ogres
  An anaconda (shapeshifter) (Vaults:3)
  Erica (Lair:1)
  4 satyrs
  5 deep troll shamans
  47 death scarabs
  14 vampire magi
  16 death yaks
  7 tengu warriors
  12 thrashing horrors
  A titan zombie (Crypt:3)
  28 dancing weapons
  4 deep troll earth magi
  24 naga sharpshooters
  3 orc high priests (Depths:2)
  18 hell knights
  5 spriggan berserkers
  4 shock serpents
  21 deep elf knights
  2 soul eaters
  6 sun demons
  Nergalle (Orc:1)
  5 wretched stars
  11 skeletal warriors
  2 iron trolls (Depths:1)
  A fire crab (shapeshifter) (Vaults:2)
  3 salamander mystics
  4 sixfirhies
  A fire crab (Abyss:3)
  A storm dragon skeleton (Crypt:3)
  2 glowing orange brains
  A cherub (Zot:5)
  32 large abominations
  A glowing orange brain (shapeshifter) (Vaults:5)
  2 unseen horrors
  17 deep trolls
  An anaconda zombie (Crypt:3)
  A shambling mangrove (Abyss:3)
  2 death drakes
  5 spatial maelstroms
  5 shadow wraiths
  8 wizards
  17 sea snakes
  49 starcursed masses
  An infernal demonspawn (Depths:5)
  13 deep elf archers
  A swamp dragon (Abyss:3)
  A quicksilver dragon simulacrum (Depths:4)
  12 orc knights
  10 naga ritualists
  10 flayed ghosts
  3 golden dragon skeletons
  2 shadow dragon zombies
  An anaconda skeleton (Abyss:3)
  A lindwurm (shapeshifter) (Depths:2)
  13 phantasmal warriors
  11 necromancers
  32 harpies
  An orb spider (shapeshifter) (Vaults:2)
  3 wolf spider zombies
  A lindwurm (Lair:6)
  11 mana vipers
  A harpy (shapeshifter) (Vaults:1)
  15 orc sorcerers
  5 oklob plants
  An orb spider (Abyss:3)
  20 ironbrand convokers
  6 wolf spiders
  32 fauns
  An iron dragon zombie (Crypt:3)
  38 ugly things
  2 shadow dragon skeletons (Crypt:3)
  73 deep elf magi
  8 cyclopes
  3 frost giant zombies
  6 shining eyes
  A fire giant zombie (Crypt:1)
  26 moths of wrath
  15 manticores
  2 frost giant skeletons (Crypt:3)
  18 salamanders
  2 elf zombies
  9 merfolk sirens
  4 worldbinders (Abyss:3)
  A guardian serpent (shapeshifter) (Depths:3)
  4 torpor snails (Depths:4)
  21 vault sentinels
  30 elephants
  7 guardian serpents
  4 water nymphs
  40 black mambas
  5 orange demons
  13 spiny frogs
  A gargoyle (D:14)
  2 eyes of devastation (Slime:1)
  3 stone giant skeletons
  2 fire giant skeletons (Tomb:1)
  6 apocalypse crabs
  29 naga magi
  A yaktaur zombie (Depths:1)
  13 smoke demons
  An efreet (Abyss:1)
  A redback zombie (Crypt:2)
  A rime drake (shapeshifter) (D:15)
  A swamp worm zombie (Crypt:3)
  3 hellions (Abyss:1)
  6 rime drakes
  A yaktaur (shapeshifter) (Vaults:2)
  A pale draconian zombie (Crypt:3)
  A demonic crawler (Abyss:3)
  6 komodo dragons
  4 kobold demonologists
  3 ice devils
  7 hellwings
  89 yaktaurs
  16 ancient zymes
  A catoblepas skeleton (Tomb:1)
  2 red devils
  11 freezing wraiths
  44 guardian mummies
  A tengu conjurer (Depths:1)
  A hydra zombie (Crypt:3)
  2 spriggan skeletons
  A jumping spider (shapeshifter) (Vaults:3)
  A shadow dragon simulacrum (Crypt:3)
  A queen bee (Depths:2)
  A silent spectre (Abyss:3)
  9 hornets
  5 wind drakes
  2 wind drakes (shapeshifter)
  4 polar bears (Lair:6)
  34 merfolk
  9 trolls
  A bog body (Crypt:2)
  A raiju (shapeshifter) (Vaults:1)
  17 raiju
  A slime creature (shapeshifter) (Vaults:3)
  A sphinx simulacrum (Depths:1)
  32 blink frogs
  114 slime creatures
  11 dream sheep
  A satyr zombie (Crypt:1)
  18 hippogriffs
  An ettin zombie (Crypt:3)
  An ice dragon zombie (Abyss:3)
  A fire dragon zombie (Abyss:3)
  An alligator zombie (Crypt:3)
  13 snapping turtles
  42 flying skulls
  3 ettin skeletons
  An ice dragon skeleton (Depths:1)
  12 wraiths
  2 shadows (Crypt:1)
  A fire dragon skeleton (Depths:1)
  A redback (shapeshifter) (Vaults:5)
  30 yaks
  3 air elementals (Depths:5)
  4 spriggans (Depths:4)
  A spriggan (shapeshifter) (D:15)
  A hog (Shoals:3)
  8 fire elementals
  A wyvern (D:11)
  10 ynoxinuls
  A basilisk (shapeshifter) (Depths:2)
  2 humans (shapeshifter)
  33 ushabtiu
  6 vampires
  A black mamba skeleton (Tomb:3)
  7 fire bats
  7 golden eyes
  29 water elementals
  3 hungry ghosts
  A hog (shapeshifter) (Vaults:3)
  A steam dragon (Lair:3)
  2 basilisks
  5 humans (Shoals:3)
  A golden eye (shapeshifter) (Vaults:4)
  6 chaos spawn
  10 neqoxecs
  5 insubstantial wisps
  4 spatial vortices
  A swamp worm (shapeshifter) (Vaults:3)
  2 acid dragons
  52 nagas
  10 wargs
  A hydra simulacrum (Tomb:1)
  A floating eye (Slime:5)
  3 soldier ants
  19 water moccasins
  A spiny frog zombie (Crypt:1)
  A water nymph skeleton (Crypt:3)
  3 black bears
  8 hell hounds
  An ice beast (shapeshifter) (Vaults:4)
  A deep troll skeleton (Crypt:2)
  8 porcupines
  A two-headed ogre skeleton (Crypt:1)
  A black bear (shapeshifter) (Vaults:1)
  34 orc warriors
  9 ice beasts
  A phantom (D:12)
  3 spiny frog skeletons
  A swamp dragon zombie (Crypt:3)
  6 eyes of draining
  A necrophage (Crypt:2)
  2 human zombies
  A sky beast (D:7)
  A tengu (shapeshifter) (Vaults:4)
  2 fire dragon simulacra
  8 boggarts
  38 ogres
  37 wolves
  A blink frog skeleton (Crypt:2)
  A hog zombie (Crypt:2)
  21 centaurs
  12 crocodiles
  8 big kobolds
  A rime drake skeleton (Crypt:3)
  A salamander zombie (Crypt:1)
  19 bullfrogs
  A glowing shapeshifter simulacrum (Depths:4)
  A yaktaur skeleton (Crypt:2)
  2 earth elementals
  27 small abominations
  A wyvern skeleton (D:8)
  4 scorpions
  A troll zombie (Crypt:3)
  22 killer bees
  An elf simulacrum (Vaults:2)
  8 wights
  3 howler monkeys
  7 electric eels
  12 crimson imps
  A bullfrog zombie (D:5)
  3 centaur zombies
  13 hounds
  6 quasits
  6 jellies
  5 centaur skeletons
  22 orc priests
  Crazy Yiuf (D:2)
  41 orc wizards
  A bullfrog skeleton (D:11)
  3 iron imps
  A human skeleton (Abyss:1)
  3 iguanas
  16 worker ants
  An ogre zombie (Crypt:3)
  A big kobold skeleton (Crypt:3)
  55 mummies
  2 worker ant zombies
  Robin (D:2)
  10 adders
  5 shadow imps
  3 white imps
  9 ufetubi
  4 oozes
  An adder zombie (D:6)
  A halfling zombie (Crypt:1)
  4 adder skeletons
  A barachian zombie (Crypt:1)
  3 dart slugs
  2 leopard geckos
  112 orcs
  12 giant cockroaches
  11 hobgoblins
  6 jackals
  7 quokkas
  A ball python (D:5)
  10 bats
  10 frilled lizards
  18 goblins
  30 kobolds
  A leopard gecko skeleton (Crypt:1)
  A quokka skeleton (D:4)
  6 rats
  A bush (Shoals:3)
  A butterfly (Lair:3)
  2 fungi
  26 plants
  11 starspawn tentacles
  2 tentacles
3602 creatures vanquished.

Vanquished Creatures (others)
  An ancient lich (Zot:5)
  A greater mummy (Tomb:1)
  Bai Suzhen (Shoals:4)
  A golden dragon (Zot:3)
  A tentacled monstrosity (Zot:4)
  A lich (Tomb:2)
  A quicksilver dragon (Zot:5)
  A deep elf blademaster (Elf:3)
  A kraken (Abyss:3)
  An acid blob (Slime:3)
  A tengu reaver (Crypt:1)
  A sphinx (Tomb:1)
  A draconian monk (Zot:2)
  A vault warden (Vaults:5)
  A deep elf sorcerer (Elf:3)
  A stone giant (Depths:4)
  2 ironheart preservers
  A purple draconian (Zot:3)
  A deep elf annihilator (Elf:3)
  2 spark wasps (Depths:4)
  A crystal guardian (Abyss:3)
  2 fire dragons
  A quicksilver dragon skeleton (Tomb:2)
  A hell beast (Depths:5)
  2 rakshasas
  A centaur warrior (Depths:3)
  23 death scarabs
  A vampire mage (Crypt:3)
  A dancing weapon (Elf:2)
  A deep elf knight (Vaults:4)
  An iron troll (Depths:1)
  A sea snake (Shoals:1)
  An anaconda zombie (Tomb:2)
  A deep elf archer (Vaults:5)
  A harpy (Vaults:1)
  A harpy (shapeshifter) (Abyss:2)
  An ugly thing (Vaults:1)
  A deep elf mage (Elf:1)
  2 moths of wrath (Zot:5)
  A cyclops (Orc:1)
  A large abomination (Abyss:3)
  A black mamba (Lair:6)
  A naga mage (Snake:4)
  2 yaktaurs
  A merfolk (Shoals:3)
  A snapping turtle (Shoals:3)
  3 slime creatures (Slime:5)
  A vampire (Crypt:3)
  An ushabti (Tomb:2)
  A golden eye (Slime:5)
  A naga (Snake:1)
  An orc warrior (Vaults:4)
  An eye of draining (Abyss:1)
  2 small abominations (Abyss:1)
  3 ogres
  2 wolves
  A wight (Vaults:3)
  A starcursed mass (Abyss:3)
  An orc wizard (Orc:2)
  10 mummies
  2 ufetubi
  A kobold (D:14)
  2 bushes
  38 fungi
  90 plants
  35 starspawn tentacles
  19 tentacles
  32 withered plants (Crypt:3)
322 creatures vanquished.

Grand Total: 3924 creatures vanquished

Notes
Turn   | Place    | Note
-------+----------+-------------------------------------------
     0 | D:1      | seren the Minotaur Gladiator began the quest for the Orb.
     0 | D:1      | Reached XP level 1. HP: 18/18 MP: 0/0
   373 | D:1      | Reached XP level 2. HP: 25/25 MP: 1/1
   990 | D:2      | Reached skill level 5 in Staves
   990 | D:2      | Reached XP level 3. HP: 30/30 MP: 2/2
  1036 | D:2      | Noticed Robin
  1048 | D:2      | Killed Robin
  1223 | D:2      | Reached XP level 4. HP: 37/37 MP: 3/3
  1643 | D:2      | Found a runed door.
  2086 | D:3      | Found a burning altar of Makhleb.
  2416 | D:4      | Found a basalt altar of Yredelemnul.
  2431 | D:4      | Found a blossoming altar of Fedhas.
  2455 | D:4      | Reached XP level 5. HP: 37/42 MP: 4/4
  3275 | D:4      | You fall through a shaft!
  3275 | D:5      | Entered Level 5 of the Dungeon
  3383 | D:5      | Noticed an ice beast
  3830 | D:4      | Reached XP level 6. HP: 50/50 MP: 5/5
  3962 | D:5      | Found Siaqikk's Book Shoppe.
  4218 | D:5      | Noticed a sky beast
  4303 | D:5      | Reached skill level 1 in Armour
  4547 | D:6      | Found a bloodstained altar of Trog.
  4547 | D:6      | Noticed an oklob plant
  4569 | D:6      | Noticed a two-headed ogre
  4576 | D:6      | Noticed an ice beast
  4722 | D:5      | Killed an ice beast
  4726 | D:5      | Reached XP level 7. HP: 24/56 MP: 6/6
  4964 | D:5      | Reached skill level 5 in Dodging
  5222 | D:6      | Found a staircase to the Ecumenical Temple.
  5231 | Temple   | Entered the Ecumenical Temple
  5401 | D:6      | You fall through a shaft!
  5429 | D:7      | Reached skill level 5 in Armour
  5509 | D:7      | Noticed a hippogriff
  5518 | D:7      | Killed a hippogriff
  5518 | D:7      | Reached XP level 8. HP: 44/62 MP: 7/7
  5831 | D:7      | Found a hazy altar of Hepliaklqana.
  5907 | D:7      | Reached skill level 5 in Fighting
  6463 | D:8      | Noticed a hippogriff
  6473 | D:8      | Killed a hippogriff
  6822 | D:8      | Got a faintly glowing falchion
  6823 | D:8      | Identified the +8 falchion "Spiderslayer" {slice, +Rage rPois rC- Str-4} (You found it on level 8 of the Dungeon)
  7112 | D:8      | Found a snail-covered altar of Cheibriados.
  7114 | D:8      | Found a bloodstained altar of Trog.
  7190 | D:9      | Reached XP level 9. HP: 52/79 MP: 8/8
  7320 | D:10     | Entered Level 10 of the Dungeon
  7353 | D:9      | Reached skill level 10 in Staves
  7856 | D:9      | Noticed a troll
  7871 | D:9      | Killed a troll
  8048 | D:9      | Noticed a troll
  8064 | D:9      | Killed a troll
  8204 | D:9      | Reached skill level 1 in Crossbows
  8350 | D:9      | Found a staircase to the Lair.
  8380 | Lair:1   | Entered Level 1 of the Lair of Beasts
  8380 | Lair:1   | Noticed a komodo dragon
  8766 | D:10     | Found a staircase to the Orcish Mines.
  9092 | D:10     | Reached XP level 10. HP: 87/90 MP: 9/9
  9318 | D:9      | Reached skill level 10 in Fighting
  9321 | D:9      | Noticed a two-headed ogre
  9376 | D:8      | Found a shadowy altar of Dithmenos.
  9376 | D:8      | Found a shattered altar of Ashenzari.
  9647 | D:11     | Found Fulistrud's Armour Shop.
  9652 | D:11     | Bought a +2 ring mail of poison resistance for 216 gold pieces
  9652 | D:11     | Bought a +2 pair of gloves of strength for 258 gold pieces
  9716 | D:11     | Found a labyrinth entrance.
  9725 | Lab      | Entered a labyrinth
 11466 | Lab      | Noticed a minotaur
 11484 | Lab      | Killed a minotaur
 11941 | D:11     | Noticed a seven-headed hydra
 11969 | D:11     | Noticed a white ugly thing
 12318 | Orc:1    | Entered Level 1 of the Orcish Mines
 12318 | Orc:1    | Noticed a two-headed ogre
 12987 | D:6      | Killed a two-headed ogre
 13625 | D:11     | Reached XP level 11. HP: 94/104 MP: 10/10
 13797 | D:11     | Killed a white ugly thing
 13976 | D:12     | Found Ewnidd's Blood Bar.
 14021 | D:12     | Noticed Azrael
 14336 | D:2      | Noticed Crazy Yiuf
 14340 | D:2      | Killed Crazy Yiuf
 14921 | Temple   | Became a worshipper of Ru the Awakened
 15045 | D:9      | Noticed a two-headed ogre
 15079 | D:9      | Killed a two-headed ogre
 15521 | Lair:1   | Noticed a four-headed hydra
 15627 | Lair:1   | Killed a four-headed hydra
 15687 | Lair:1   | Noticed Erica
 15697 | Lair:1   | Killed Erica
 16503 | Lair:1   | Gained mutation: You cannot drink potions while threatened. [Ru sacrifice]
 16503 | Lair:1   | Reached * piety under Ru
 16725 | Lair:2   | Noticed Gastronok
 17423 | Lair:2   | Learned a level 1 spell: Apportation
 17585 | Lair:2   | Reached XP level 12. HP: 112/112 MP: 11/11
 17916 | Lair:4   | Reached skill level 5 in Crossbows
 18123 | Lair:3   | Found a staircase to the Snake Pit.
 18555 | Lair:3   | Found a staircase to the Shoals.
 18813 | Lair:3   | Noticed a six-headed hydra
 18823 | Lair:3   | Killed a six-headed hydra
 19056 | Lair:3   | Gained mutation: You are hated by all. [Ru sacrifice]
 19056 | Lair:3   | Reached ** piety under Ru
 19674 | Lair:4   | Noticed Snorg
 19689 | Lair:4   | Reached skill level 10 in Crossbows
 19741 | Lair:4   | Reached skill level 1 in Polearms
 19897 | Lair:4   | Reached skill level 10 in Armour
 20273 | Lair:4   | Killed Snorg
 20273 | Lair:4   | Reached skill level 10 in Dodging
 21083 | Lair:5   | Reached XP level 13. HP: 110/119 MP: 12/12
 21795 | Lair:4   | Gained mutation: You cannot study or cast Air magic. [Ru sacrifice]
 21795 | Lair:4   | Gained mutation: You cannot study or cast Transmutations magic. [Ru sacrifice]
 21795 | Lair:4   | Gained mutation: You cannot study or cast Charms magic. [Ru sacrifice]
 21795 | Lair:4   | Reached *** piety under Ru
 22604 | Lair:5   | Reached skill level 15 in Fighting
 23059 | Lair:6   | Entered Level 6 of the Lair of Beasts
 24122 | Lair:6   | Reached XP level 14. HP: 135/137 MP: 13/13
 24853 | Lair:6   | Noticed an azure jelly
 25373 | Lair:6   | Found a staircase to the Slime Pits.
 25439 | Lair:6   | Killed an azure jelly
 26647 | Lair:6   | Got an ancient long sword
 26648 | Lair:6   | Identified the +8 long sword "Ydiolatu" {flame, Stlth+} (You found it on level 6 of the Lair of Beasts)
 27143 | Lair:1   | Learned a level 2 spell: Blink
 27450 | Orc:2    | Entered Level 2 of the Orcish Mines
 27551 | Orc:1    | Noticed Nergalle
 27553 | Orc:1    | Killed Nergalle
 27667 | Orc:2    | Found a roughly hewn altar of Beogh.
 27680 | Orc:2    | Noticed Erolcha
 27681 | Orc:2    | Found a staircase to the Elven Halls.
 27688 | Orc:2    | Killed Erolcha
 28036 | Orc:1    | Found a bloodstained altar of Trog.
 28080 | Orc:1    | Found a roughly hewn altar of Beogh.
 28983 | Orc:2    | Paralysed by an orc sorcerer for 2 turns
 29001 | Orc:2    | Reached XP level 15. HP: 145/146 MP: 14/14
 29068 | Orc:2    | Found Sejos's Magic Scroll Shop.
 29068 | Orc:2    | Found Oskaggatz's Jewellery Emporium.
 29088 | Orc:2    | Bought an uncursed ring of see invisible for 180 gold pieces
 29182 | Orc:2    | Found a roughly hewn altar of Beogh.
 29381 | Orc:2    | Paralysed by an orc sorcerer for 5 turns
 29487 | Orc:2    | Found Susmy's Armour Emporium.
 29487 | Orc:2    | Found Xydgh's Antique Armour Shop.
 29538 | Orc:2    | Bought the ring of Fighting Over It {EV+3 Dex+7 Slay+3} for 663 gold pieces
 29540 | Orc:2    | Bought an uncursed ring of protection from magic for 300 gold pieces
 29638 | Orc:2    | Found a shimmering altar of Xom.
 29976 | D:12     | Got a slimy lapis lazuli ring
 29978 | D:12     | Identified the ring "Emenib" {rF- rN+ MR+++ Stlth-} (You found it on level 12 of the Dungeon)
 30124 | D:12     | Noticed Harold
 30134 | D:12     | Killed Harold
 30184 | D:12     | Killed Azrael
 30892 | D:12     | Gained mutation: You are somewhat inexperienced. (-2 XL) [Ru sacrifice]
 30892 | D:12     | Reached XP level 14. HP: 140/140 MP: 13/13
 30892 | D:12     | Reached XP level 13. HP: 133/133 MP: 12/12
 30892 | D:12     | Reached **** piety under Ru
 30892 | D:12     | Reached ***** piety under Ru
 32183 | D:14     | Got an ancient diamond amulet
 32184 | D:14     | Identified the amulet "Bowkajuo" {Regen+ Dex+3} (You found it on level 14 of the Dungeon)
 32468 | D:14     | Found a gate to the Vaults.
 32492 | D:14     | Gained mutation: You are dopey. (Int -2) [Ru sacrifice]
 32796 | D:14     | Reached XP level 14. HP: 141/141 MP: 13/13
 33249 | D:15     | Entered Level 15 of the Dungeon
 33456 | D:15     | Found a staircase to the Depths.
 33987 | D:15     | Gained mutation: You are frail. (-10% HP) [Ru sacrifice]
 34029 | D:15     | Noticed Josephine
 34039 | D:15     | Killed Josephine
 34345 | D:15     | Upgraded the game from 0.20-a0-640-g62ed22f to 0.20-a0-641-g673355a
 35292 | Shoals:1 | Entered Level 1 of the Shoals
 35442 | Shoals:1 | Identified a scroll of acquirement
 35713 | Shoals:1 | Reached skill level 15 in Crossbows
 36255 | Shoals:1 | Gained mutation: You take slightly more damage. (AC -3) [Ru sacrifice]
 36255 | Shoals:1 | Reached ****** piety under Ru
 36307 | Shoals:1 | Reached skill level 1 in Spellcasting
 36552 | Shoals:2 | Reached XP level 15. HP: 121/133 MP: 6/18
 37006 | Shoals:2 | Noticed Polyphemus
 37031 | Shoals:2 | Killed Polyphemus
 37423 | Shoals:4 | Entered Level 4 of the Shoals
 38138 | Shoals:3 | Noticed Jorgrun
 38145 | Shoals:3 | Noticed Syneil's ghost (adept DECj)
 38169 | Shoals:3 | Killed Syneil's ghost
 38283 | Shoals:3 | Killed Jorgrun
 39009 | Shoals:3 | Noticed Kirke
 39022 | Shoals:3 | Killed Kirke
 39141 | Shoals:4 | Noticed Ilsuiw
 39198 | Shoals:3 | Noticed a kraken
 39234 | Shoals:3 | Killed a kraken
 39234 | Shoals:3 | Reached XP level 16. HP: 127/143 MP: 22/22
 40221 | Shoals:4 | Got a barnacled rune of Zot
 40424 | Shoals:4 | Reached skill level 15 in Staves
 40499 | Shoals:4 | Killed Ilsuiw
 40794 | Shoals:4 | Noticed Bai Suzhen
 41090 | Snake:1  | Entered Level 1 of the Snake Pit
 41356 | Orc:2    | Bought a scroll of blinking for 112 gold pieces
 41356 | Orc:2    | Bought a scroll of teleportation for 45 gold pieces
 41878 | Snake:1  | Found Geolet's Magic Scroll Boutique.
 41900 | Snake:1  | Bought a scroll of blinking for 120 gold pieces
 42657 | Snake:2  | Found an opulent altar of Gozag.
 42880 | Snake:2  | Reached skill level 15 in Armour
 42979 | Snake:2  | Reached XP level 17. HP: 149/149 MP: 23/23
 43264 | Snake:2  | Noticed Vashnia
 43355 | Snake:2  | Killed Vashnia
 43810 | Snake:4  | Entered Level 4 of the Snake Pit
 45666 | Snake:4  | Reached skill level 15 in Dodging
 45856 | Snake:4  | Reached XP level 18. HP: 155/155 MP: 24/24
 46260 | Snake:4  | Got a serpentine rune of Zot
 47080 | Vaults:1 | Entered Level 1 of the Vaults
 47503 | Vaults:1 | Noticed Asterion
 47519 | Vaults:1 | Killed Asterion
 48954 | Vaults:1 | Reached XP level 19. HP: 162/162 MP: 25/25
 49657 | Vaults:2 | Noticed Boris
 49675 | Vaults:2 | Killed Boris
 49972 | Vaults:2 | Found Gukhliacs's Antique Armour Emporium.
 49990 | Vaults:2 | Bought a faintly humming scale mail for 225 gold pieces
 49990 | Vaults:2 | Bought a scorched ring mail for 225 gold pieces
 50000 | Vaults:2 | Identified the +2 scale mail of the Prince {rN+ Int+2} (You bought it in a shop on level 2 of the Vaults)
 50010 | Vaults:2 | Identified the +4 ring mail "Pumiar" {Regen+} (You bought it in a shop on level 2 of the Vaults)
 50136 | Vaults:2 | Noticed Frederick
 50151 | Vaults:2 | Killed Frederick
 50621 | Vaults:2 | Found a bloodstained altar of Trog.
 51570 | Vaults:3 | Noticed Mara
 51597 | Vaults:3 | Killed Mara
 51867 | Vaults:3 | Reached XP level 20. HP: 172/172 MP: 8/26
 52068 | Vaults:3 | Got an encrusted mace
 52069 | Vaults:3 | Identified the +5 mace "Luovuomnah" {crush, -Tele *Rage Int+9 Dex+7} (You found it on level 3 of the Vaults)
 52614 | Vaults:3 | Found a staircase to the Crypt.
 53210 | Vaults:4 | Reached skill level 1 in Stealth
 53313 | Vaults:4 | Noticed Xtahua
 53397 | Vaults:3 | Got an encrusted leather armour
 53409 | Vaults:3 | Identified the +4 leather armour "Jiotz" {rElec rC- Dex+3 Stlth+} (You took it off an ironheart preserver on level 3 of the Vaults)
 54818 | Vaults:4 | Reached skill level 5 in Stealth
 55922 | Vaults:4 | Reached XP level 21. HP: 165/184 MP: 27/27
 56440 | Vaults:4 | Paralysed by Xtahua for 7 turns
 56448 | Vaults:4 | Killed Xtahua
 57326 | Lair:2   | Killed Gastronok
 57649 | Shoals:4 | Killed Bai Suzhen
 58540 | Depths:1 | Entered Level 1 of the Depths
 59227 | Depths:1 | Found Cigilale's Pet Rocks.
 59756 | Depths:1 | Found a gateway to Hell.
 60212 | Depths:1 | Noticed Nikola
 60224 | Depths:1 | Killed Nikola
 61485 | Depths:2 | Reached XP level 22. HP: 193/193 MP: 28/28
 62235 | Orc:2    | Bought an uncursed ring of flight for 210 gold pieces
 62511 | Depths:2 | Noticed a caustic shrike
 62550 | Depths:2 | Found a runed door.
 62723 | Depths:2 | Noticed a golden dragon
 62723 | Depths:2 | an iron giant changed into a golden dragon
 62724 | Depths:2 | a golden dragon changed into a shadow dragon
 63132 | Depths:2 | Got a twitching ivory ring
 63134 | Depths:2 | Identified the ring "Zimuirah" {rC+ MR+} (You took it off a yaktaur on level 2 of the Depths)
 63729 | Depths:2 | Paralysed by a great orb of eyes for 3 turns
 64191 | Depths:2 | Found a one-way gate to the infinite horrors of the Abyss.
 64204 | Depths:2 | Found a gateway to a ziggurat.
 64303 | Depths:2 | Identified An Introduction to Witchery
 64484 | Depths:2 | Noticed a golden dragon
 64491 | Depths:2 | Killed a golden dragon
 64702 | Depths:2 | Killed a caustic shrike
 65186 | Depths:3 | Found a one-way gate leading to the halls of Pandemonium.
 65363 | Depths:3 | Reached XP level 23. HP: 200/200 MP: 12/29
 65531 | Depths:3 | Found a corrupted altar of Lugonu.
 66469 | Depths:4 | Found a portal to a secret trove of treasure.
 66924 | Depths:4 | Reached skill level 1 in Translocations
 67302 | Depths:4 | Noticed Margery
 67333 | Depths:4 | Killed Margery
 67547 | Depths:4 | Got a slimy scarf
 67558 | Depths:4 | Identified the scarf of Jirus {+Inv rElec rC- Dex+3 Slay+4} (You acquired it on level 4 of the Depths)
 67734 | Depths:4 | Found a snail-covered altar of Cheibriados.
 67755 | Depths:4 | Got a crude chain mail
 67766 | Depths:4 | Identified the +0 chain mail of Komaina {rCorr} (You found it on level 4 of the Depths)
 68140 | Depths:5 | Entered Level 5 of the Depths
 68358 | D:12     | Upgraded the game from 0.20-a0-641-g673355a to 0.20-a0-642-g4ff03ff
 68576 | D:5      | Bought a manual of Dodging for 1435 gold pieces
 68827 | Elf:1    | Entered Level 1 of the Elven Halls
 69018 | Elf:1    | Noticed Aizul
 69022 | Elf:1    | Killed Aizul
 69022 | Elf:1    | Reached skill level 5 in Translocations
 69395 | Elf:1    | Identified the Incunabulum of Circular Logic
 69768 | Elf:2    | Reached XP level 24. HP: 208/208 MP: 29/29
 70097 | Elf:2    | Found a runed gate.
 70097 | Elf:2    | Found a runed gate.
 70102 | Elf:2    | Found a runed gate.
 70184 | Elf:2    | Found Zuen's General Store.
 70188 | Elf:2    | Bought a scroll of fog for 32 gold pieces
 70907 | Elf:3    | Entered Level 3 of the Elven Halls
 70907 | Elf:3    | Found Faesuun's Assorted Antiques.
 70994 | Elf:3    | Found Beisei's Distillery.
 71100 | Elf:3    | Found Buiny's Food Shop.
 71820 | Elf:3    | Got a brightly glowing amber ring
 71830 | Elf:3    | Got an iridescent halberd {antimagic}
 71831 | Elf:3    | Identified the +8 halberd of Zueddoch {antimagic, Str+7} (You took it off a deep elf demonologist on level 3 of the Elven Halls)
 72076 | Elf:3    | Identified the Guide on Enchanting Earth
 72105 | Elf:3    | Identified the Disquisition on Frigorific Beguiling
 72108 | Elf:3    | Identified the Incunabulum of the Damaging Rocks
 72131 | Elf:3    | Identified the Guide on Battle Magic and Ice
 73120 | D:5      | Bought a manual of Fighting for 1435 gold pieces
 73490 | Vaults:4 | Identified the ring "Kiara" {rN+ MR+} (You took it off a deep elf blademaster on level 3 of the Elven Halls)
 74118 | Vaults:5 | Entered Level 5 of the Vaults
 74179 | Vaults:5 | Noticed an ancient lich
 74192 | Vaults:5 | Killed an ancient lich
 74619 | Vaults:5 | Reached XP level 25. HP: 225/225 MP: 29/29
 75025 | Vaults:5 | Identified Daleopt's Catalogue of Creative Feathers
 75038 | Vaults:5 | Identified Qozxetoc's Handbook of Arcane Weapons
 75495 | Vaults:5 | Reached skill level 27 in Fighting
 76047 | Vaults:5 | Got a silver rune of Zot
 76226 | Vaults:5 | Got a fine long sword {drain}
 76227 | Vaults:5 | Identified the +6 long sword of Maczi Kaly {drain, rPois rN+} (You took it off an ironheart preserver on level 5 of the Vaults)
 76247 | Vaults:5 | Found Xafre's Food Boutique.
 76882 | Crypt:1  | Entered Level 1 of the Crypt
 76905 | Crypt:1  | Noticed Sojobo
 76929 | Crypt:1  | Killed Sojobo
 77360 | Crypt:1  | Noticed Donald
 77363 | Crypt:1  | Killed Donald
 77719 | Crypt:1  | Noticed Mennas
 77735 | Crypt:1  | Killed Mennas
 78214 | Crypt:2  | Reached skill level 5 in Polearms
 78742 | Crypt:3  | Entered Level 3 of the Crypt
 79613 | Crypt:3  | Got an ancient glass ring
 79718 | Crypt:3  | Reached skill level 27 in Armour
 79861 | Crypt:3  | Got a sparkling bronze ring
 79941 | Crypt:3  | Got an ivory rapier {flame}
 79942 | Crypt:3  | Identified the +6 rapier "Muaphuty" {flame, *Contam +Inv rN+ MR++} (You took it off a vampire on level 3 of the Crypt)
 79949 | Crypt:3  | Found a basalt altar of Yredelemnul.
 80001 | Crypt:3  | Gained mutation: You are clumsy. (Dex -2) [mutagenic glow]
 80007 | Crypt:3  | Found an ancient bone altar of Kikubaaqudgha.
 80033 | Crypt:3  | Got a translucent buckler
 80034 | Crypt:3  | Identified the cursed -3 buckler of the Blizzard {*Contam rF++ Str+4} (You found it on level 3 of the Crypt)
 80071 | Crypt:3  | Identified the ring "Bodies" {rF+++ rC- rN+ MR+ Str+3} (You took it off a vampire on level 3 of the Crypt)
 80074 | Crypt:3  | Identified the ring of Pantheism {rN+ Int+3 Dex-2 SInv Stlth+} (You took it off a vampire on level 3 of the Crypt)
 80425 | Crypt:3  | Found a staircase to the Tomb.
 80752 | Tomb:1   | Entered Level 1 of the Tomb of the Ancients
 81065 | Tomb:1   | Noticed kuniqs's ghost (veteran DsBe)
 81130 | Tomb:1   | Killed kuniqs's ghost
 81555 | Tomb:1   | Noticed a greater mummy
 81585 | Tomb:1   | Killed a greater mummy
 82828 | Tomb:2   | Noticed a greater mummy
 82829 | Tomb:2   | Noticed a greater mummy
 82831 | Tomb:2   | Noticed a greater mummy
 82832 | Tomb:2   | Noticed a greater mummy
 82834 | Tomb:2   | Killed a greater mummy
 83025 | Tomb:1   | Killed a greater mummy
 83915 | Tomb:1   | Killed a greater mummy
 83915 | Tomb:1   | Reached skill level 27 in Dodging
 84358 | Tomb:1   | Killed a greater mummy
 84670 | Tomb:2   | Got a brightly glowing ring mail
 84671 | Tomb:2   | Identified the cursed +0 ring mail of the Princeling {rF+ rN+ Dex+4 SInv} (You found it on level 2 of the Tomb of the Ancients)
 84977 | Tomb:2   | Reached skill level 5 in Spellcasting
 85032 | Tomb:1   | Noticed a greater mummy
 85032 | Tomb:1   | Noticed a greater mummy
 85032 | Tomb:1   | Noticed a greater mummy
 85032 | Tomb:1   | Noticed a greater mummy
 85234 | Tomb:2   | Killed a greater mummy
 85241 | Tomb:2   | Killed a greater mummy
 85493 | Tomb:2   | Killed a greater mummy
 85755 | Tomb:1   | Noticed a greater mummy
 85764 | Tomb:2   | Killed a greater mummy
 85764 | Tomb:2   | Lost intelligence.
 87046 | Depths:5 | Found a gate to the Realm of Zot.
 87058 | Depths:5 | Noticed a juggernaut
 87860 | Tomb:1   | Noticed a greater mummy
 87876 | Tomb:2   | Killed a greater mummy
 88108 | Tomb:1   | Killed a greater mummy
 88108 | Tomb:1   | Lost intelligence.
 88141 | Tomb:1   | Noticed a greater mummy
 88173 | Tomb:2   | Killed a greater mummy
 88742 | Tomb:1   | Noticed a greater mummy
 88755 | Tomb:1   | Killed a greater mummy
 88878 | Tomb:1   | Noticed a greater mummy
 89128 | Tomb:1   | Noticed a greater mummy
 89128 | Tomb:1   | Killed a greater mummy
 89140 | Tomb:1   | Killed a greater mummy
 89433 | Tomb:1   | Noticed a greater mummy
 89442 | Tomb:1   | Killed a greater mummy
 89468 | Tomb:1   | Noticed a greater mummy
 89479 | Tomb:1   | Noticed a greater mummy
 89479 | Tomb:1   | Killed a greater mummy
 89479 | Tomb:1   | Reached skill level 10 in Stealth
 89499 | Tomb:1   | Killed a greater mummy
 91070 | Tomb:3   | Entered Level 3 of the Tomb of the Ancients
 91862 | Tomb:3   | Noticed a greater mummy
 91870 | Tomb:3   | Noticed a greater mummy
 91871 | Tomb:3   | Noticed Khufu
 91871 | Tomb:3   | Noticed a greater mummy
 91871 | Tomb:3   | Noticed a greater mummy
 91916 | Tomb:3   | Noticed a greater mummy
 92271 | Tomb:3   | Noticed a greater mummy
 93156 | Tomb:1   | Killed a greater mummy
 93327 | Tomb:2   | Killed Khufu
 93379 | Tomb:2   | Killed a greater mummy
 93737 | Tomb:2   | Killed a greater mummy
 94112 | Tomb:3   | Noticed a greater mummy
 94121 | Tomb:2   | Killed a greater mummy
 94147 | Tomb:2   | Killed a greater mummy
 94443 | Tomb:2   | Killed a greater mummy
 94451 | Tomb:2   | Killed a greater mummy
 95093 | Tomb:3   | Noticed a greater mummy
 95101 | Tomb:3   | Killed a greater mummy
 95314 | Tomb:3   | Identified the Almanac of Enhancements
 95327 | Tomb:3   | Identified the Tome of Dusty Sinister Rituals
 95492 | Tomb:3   | Got a shimmering platinum ring
 95494 | Tomb:3   | Identified the ring "Wihil" {*Slow MP+9 Dex+2 SInv Stlth-} (You found it on level 3 of the Tomb of the Ancients)
 95650 | Tomb:3   | Got a golden rune of Zot
 96956 | Elf:3    | Bought a potion of curing for 42 gold pieces
 96956 | Elf:3    | Bought a potion of curing for 42 gold pieces
 96956 | Elf:3    | Bought a potion of curing for 42 gold pieces
 96975 | Elf:3    | Bought a scroll of enchant weapon for 247 gold pieces
 96975 | Elf:3    | Bought a potion of haste for 330 gold pieces
 96975 | Elf:3    | Bought a scroll of teleportation for 99 gold pieces
 97218 | Snake:1  | Bought a scroll of enchant armour for 120 gold pieces
 97218 | Snake:1  | Bought a scroll of identify for 32 gold pieces
 97218 | Snake:1  | Bought 3 scrolls of identify for 96 gold pieces
 97218 | Snake:1  | Bought a scroll of identify for 32 gold pieces
 97218 | Snake:1  | Bought a scroll of identify for 32 gold pieces
 97218 | Snake:1  | Bought a scroll of identify for 32 gold pieces
 97218 | Snake:1  | Bought a scroll of fog for 32 gold pieces
 97291 | Snake:1  | You fall through a shaft!
 97647 | Slime:1  | Entered Level 1 of the Pits of Slime
 97670 | Slime:1  | Gained mutation: You are very frail. (-20% HP) [a shining eye]
 98109 | Slime:2  | Gained mutation: You tend to lose your temper in combat. [a shining eye]
 98139 | Slime:1  | Lost mutation: You tend to lose your temper in combat. [potion of mutation]
 98139 | Slime:1  | Lost mutation: You are clumsy. (Dex -2) [potion of mutation]
 98139 | Slime:1  | Lost mutation: You are very frail. (-20% HP) [potion of mutation]
 98139 | Slime:1  | Gained mutation: You regenerate slowly when monsters are visible. [potion of mutation]
 98139 | Slime:1  | Gained mutation: Scrolls take you a little longer to read. [potion of mutation]
 98139 | Slime:1  | Gained mutation: You are agile. (Dex +2) [potion of mutation]
 98140 | Slime:1  | Lost mutation: You are agile. (Dex +2) [potion of mutation]
 98140 | Slime:1  | Lost mutation: Scrolls take you a little longer to read. [potion of mutation]
 98140 | Slime:1  | Gained mutation: You expend magic power (3 MP) to strengthen your wands. [potion of mutation]
 98140 | Slime:1  | Gained mutation: You are agile. (Dex +2) [potion of mutation]
 98140 | Slime:1  | Gained mutation: You are surrounded by a mild repulsion field. (EV +2) [potion of mutation]
 99354 | Slime:4  | Paralysed by a great orb of eyes for 3 turns
 99514 | Slime:5  | Entered Level 5 of the Pits of Slime
 99566 | Slime:5  | Noticed the Royal Jelly
 99617 | Slime:5  | Killed the Royal Jelly
 99849 | Slime:5  | Noticed Dissolution
 99875 | Slime:5  | Paralysed by a floating eye for 2 turns
 99878 | Slime:5  | Paralysed by a floating eye for 2 turns
 99897 | Slime:5  | Paralysed by a floating eye for 2 turns
100854 | Slime:5  | Killed Dissolution
100866 | Slime:5  | Paralysed by a floating eye for 3 turns
100954 | Slime:5  | Got a slimy rune of Zot
101011 | Slime:5  | Got a scorched chain mail
101022 | Slime:5  | Identified the +4 chain mail of the Saviour {rF+ Dex+2} (You found it on level 5 of the Pits of Slime)
101046 | Slime:5  | Got a bloodstained lajatang
101047 | Slime:5  | Identified the +2 lajatang of the Maze {drain, +Inv MR+ Stlth-} (You found it on level 5 of the Pits of Slime)
101411 | Slime:5  | Upgraded the game from 0.20-a0-642-g4ff03ff to 0.20-a0-647-gf178af5
101761 | Orc:2    | Bought an embroidered hat for 196 gold pieces
102076 | Depths:3 | Voluntarily entered the Abyss.
102894 | Depths:3 | Escaped the Abyss
102898 | Depths:3 | Voluntarily entered the Abyss.
103202 | Abyss:1  | Found a corrupted altar of Lugonu.
103695 | Abyss:1  | Noticed an ancient lich
103706 | Abyss:1  | Killed an ancient lich
103726 | Abyss:1  | Found a burning altar of Makhleb.
104162 | Abyss:2  | Found a corrupted altar of Lugonu.
104255 | Abyss:3  | Found a corrupted altar of Lugonu.
104296 | Abyss:3  | Found a corrupted altar of Lugonu.
104415 | Abyss:3  | Paralysed by accursed screaming for 1 turns
104423 | Abyss:3  | Paralysed by accursed screaming for 1 turns
104642 | Abyss:3  | Found a corrupted altar of Lugonu.
104684 | Abyss:3  | Paralysed by you for 2 turns
104881 | Abyss:3  | Found a corrupted altar of Lugonu.
105172 | Abyss:3  | Got an abyssal rune of Zot
105781 | Abyss:3  | Found a shattered altar of Ashenzari.
106153 | Depths:3 | Escaped the Abyss
106233 | Zot:1    | Entered Level 1 of the Realm of Zot
107525 | Zot:2    | Noticed an ancient lich
107699 | Zot:2    | Killed an ancient lich
107772 | Zot:2    | Found a stormy altar of Qazlal.
108604 | Zot:3    | Reached skill level 27 in Staves
109104 | Zot:5    | Entered Level 5 of the Realm of Zot
109160 | Zot:4    | Reached skill level 27 in Crossbows
109638 | Zot:5    | Noticed an ancient lich
109645 | Zot:5    | Killed an ancient lich
109775 | Zot:5    | Noticed an ancient lich
109784 | Zot:5    | Killed an ancient lich
109816 | Zot:5    | Got an iridescent glaive {chop}
109817 | Zot:5    | Identified the +6 glaive of the Inferno {chop, rC- Str+5} (You took it off a draconian knight on level 5 of the Realm of Zot)
110044 | Zot:5    | Noticed an ancient lich
110064 | Zot:5    | Killed an ancient lich
110191 | Zot:5    | Noticed an ancient lich
110200 | Zot:5    | Killed an ancient lich
110331 | Zot:5    | Noticed an ancient lich
110351 | Zot:5    | Killed an ancient lich
110363 | Zot:5    | Noticed an ancient lich
110366 | Zot:5    | Killed an ancient lich
110501 | Zot:5    | Noticed an orb of fire
110502 | Zot:5    | Gained mutation: You are very frail. (-20% HP) [an orb of fire]
110523 | Zot:5    | Killed an orb of fire
110548 | Zot:5    | Noticed an ancient lich
110550 | Zot:5    | Killed an ancient lich
110589 | Zot:5    | Noticed an orb of fire
110600 | Zot:5    | Gained mutation: Your flesh is cold resistant. (rC+) [an orb of fire]
110611 | Zot:5    | Lost mutation: You are agile. (Dex +2) [an orb of fire]
110668 | Zot:5    | Noticed an ancient lich
110746 | Zot:5    | Killed an ancient lich
110902 | Zot:5    | Killed an orb of fire
111071 | Zot:5    | Reached skill level 15 in Stealth
111852 | Zot:5    | Got the Orb of Zot
111889 | Zot:5    | Noticed Obuer Hoj the pandemonium lord
111894 | Zot:5    | Killed Obuer Hoj the pandemonium lord
111935 | Zot:5    | Noticed an orb of fire
111961 | Zot:5    | Gained mutation: Your body sometimes deteriorates upon taking damage. [an orb of fire]
111966 | Zot:5    | HP: 4/205 [soul eater/drain life (15)]
111968 | Zot:5    | Killed from afar by a soul eater

Vault maps used:
D:1:      minmay_arrival_split_and_join
D:2:      first_bread, uniq_robin, uniq_crazy_yiuf_cottage
D:3:      bloody_makhleb
D:4:      nicolae_overflow_crystal_walls, minmay_item_behind_shaft,
          yredelemnul_altar_generic
D:5:      serial_shops, nicolae_shop_trees
D:6:      minmay_temple_entry_statues_pillars, lemuel_oklob_altar
D:7:      lemuel_doored_altar, kennysheep_generic_room_14
D:8:      nicolae_overflow_hidden_temple
D:9:      erik_lair_island, hangedman_pestilent_swarm
D:10:     david_orc_2
D:11:     lab_entry_generic, serial_shops, shop
D:12:     guppyfry_shop_blood, uniq_harold, uniq_azrael
D:14:     hangedman_vaults_entry_quadrant_bands
D:15:     grunt_enter_depths_snipers, serial_park_square3, uniq_josephine
Temple:   zaba_magenta_temple
Lair:1:   grunt_megastairs_2, serial_bayou_shore_a, uniq_erica
Lair:2:   hibernation_bobbens, grunt_megastairs_4, uniq_gastronok
Lair:3:   minmay_shoals_entry_hut, guppyfry_snake_entry_garden,
          infiniplex_staircase_pool_2, minmay_lair_oklob_chamber,
          lemuel_fruit_fields
Lair:4:   uniq_snorg
Lair:6:   grunt_lair_end_beastmaster, nicolae_slime_entry_slimehenge,
          minivault_23, grunt_megastairs_3
Shoals:1: nicolae_shoals_siren_and_animal_friends
Shoals:2: uniq_polyphemus
Shoals:3: yaktaur_hedge, uniq_kirke, uniq_jorgrun
Shoals:4: shoals_end_grunt_garden, shoals_ilsuiw_ice, uniq_bai_suzhen
Snake:1:  minmay_shop_grid_forest, serial_bayou_shore_b
Snake:2:  dpeg_oklob_gauntlet, basic_altar, uniq_vashnia
Snake:4:  snake_pit
Slime:1:  nicolae_slime_barrier, nicolae_slime_ancient_tower_intersection
Slime:5:  uniq_dissolution
Orc:1:    basic_altar, david_defended_altar_orc, uniq_nergalle
Orc:2:    st_orc_town, basic_altar, lemuel_statue_altar, uniq_erolcha
Elf:1:    elf_arrival_001, special_room, minmay_elf_demonology, uniq_aizul
Elf:2:    serial_shops, nicolae_shop_behind_doors, st_stairs_14, minivault_23,
          hangedman_elf_disciples
Elf:3:    minmay_elf_hall_furrowed, serial_shops,
          nicolae_shop_overgrown_old_shop, nicolae_shop_waterfront, shop
Vaults:1: nicolae_vaults_network_quincunx, st_check,
          hangedman_vaults_corner_blocks, v_misc_1,
          nicolae_vaults_stairing_the_circle, nicolae_vaults_little_squares_1,
          v_misc_19, nicolae_vaults_little_squares_3, vaults_room_pool,
          vaults_room_grunt_arrival_checkpoint, vaults_room_semicircle,
          v_rooms_4, v_misc_26, uniq_asterion
Vaults:2: v_misc_24, ontoclasm_vaults_loading_screen,
          nicolae_vaults_little_squares_6, v_misc_10, vaults_dpeg_encased_lava,
          vaults_standard_mumra_x, v_pattern_4, dpeg_vaults_monster_box,
          nicolae_vaults_mini_display_case, basic_altar, serial_shops, shop,
          uniq_frederick, uniq_boris
Vaults:3: st_quartered_hall, nicolae_vaults_network_quinsquares,
          blue_anna_dwarven_crypt, hangedman_vaults_maws, vaults_dpeg_spiral,
          hangedman_vaults_stagger, vaults_room_pool, vaults_room_grid,
          uniq_mara
Vaults:4: grunt_vaults_twisty, vaults_mumra_bighexcomb, v_misc_31,
          hangedman_vaults_trim, grunt_vaults_hallway_long,
          vaults_mumra_minichess, nicolae_vaults_network_star,
          dpeg_vaults_monster_row, v_misc_13, nicolae_vaults_ring_of_whatevers,
          uniq_xtahua
Vaults:5: serial_shops
Crypt:1:  grunt_crypt_arrival_webbed, uniq_sojobo, uniq_mennas, uniq_donald
Crypt:2:  roderic_lattice_octagonal_star
Crypt:3:  lightli_unholy_cathedral, tomb_entry_forgotten_bobbens,
          minicrypt_bobbens
Depths:1: kennysheep_cross_bottleneck, pf_dread_powers_of_hell,
          guppyfry_shop_earth, firewood_loft, uniq_nikola
Depths:2: box_level_dp, serial_shops, abyss_entry, hell_entry
Depths:3: due_chaos_kobolds, rand_demon_pan_entry_8, kennysheep_cluttered_room,
          hell_entry, minmay_staircase_windowed_large
Depths:4: pf_snail_temple, grunt_hell_entry_dis_mu, enter_trove_5, abyss_entry,
          evilmike_ruin_ashenzari, infiniplex_staircase_squiggle, uniq_margery
Depths:5: grunt_zot_entry_funnels, hell_entry, grunt_pan_entry_spiral
Zot:1:    lemuel_draconian_sentries_small
Zot:2:    regret_index_qazlal_generations
Abyss:1:  hangedman_cross_veins
Abyss:2:  evilmike_abyss_exit_11
Abyss:3:  nicolae_abyss_rune_star_stuff, hangedman_steaming_rock
Lab:      labyrinth_watery

Skill      XL: |  1  2  3  4  5  6  7  8  9 10 11 12 13 14 15 16 17 18 19 20 21 22 23 24 25 |
---------------+----------------------------------------------------------------------------+-----
Staves         | 4 5 6 7 8 9 10 14 16 19 27 | 27.0
Armour         | 3 6 8 9 10 11 13 15 17 19 20 22 23 27 | 27.0
Dodging        | 4 6 8 9 10 13 15 17 18 20 22 24 27 | 27.0
Fighting       | 7 8 12 16 18 19 21 22 25 27 | 27.0
Crossbows      | 3 10 12 15 16 18 19 20 27 | 27.0
Polearms       | 1 9 |  9.5
Spellcasting   | 2 4 6 |  6.5
Stealth        | 5 16 | 16.6
Translocations | 5 9 |  9.1
Throwing       | |  2.0

Action                   |  1- 3 |  4- 6 |  7- 9 | 10-12 | 13-15 | 16-18 | 19-21 | 22-24 | 25-27 || total
-------------------------+-------+-------+-------+-------+-------+-------+-------+-------+-------++-------
Melee: Quarterstaff      |    63 |   156 |   286 |   727 |  1747 |   907 |   741 |   147 |       ||  4774
       Headbutt          |     7 |    26 |    47 |   172 |   674 |   365 |   491 |   309 |  1019 ||  3110
       Lajatang          |       |       |       |       |   152 |       |   370 |   717 |  2513 ||  3752
       Hand crossbow     |       |       |       |       |     1 |       |       |       |       ||     1
       Arbalest          |       |       |       |       |       |       |    12 |     1 |     2 ||    15
       Trishula          |       |       |       |       |       |       |       |       |   178 ||   178
 Fire: Hand crossbow     |       |       |     8 |     7 |   224 |       |       |       |       ||   239
       Arbalest          |       |       |       |       |    32 |   481 |   622 |   806 |   680 ||  2621
       Triple crossbow   |       |       |       |       |       |       |       |       |   997 ||   997
Throw: Throwing net      |       |     1 |     1 |     1 |       |       |       |       |       ||     3
 Cast: Apportation       |       |       |       |       |       |       |       |       |    61 ||    61
       Blink             |       |       |       |       |       |       |       |       |     4 ||     4
Invok: Sacrifice Drink   |       |       |       |     1 |       |       |       |       |       ||     1
       Sacrifice Love    |       |       |       |     1 |       |       |       |       |       ||     1
       Draw Out Power    |       |       |       |       |     3 |     2 |     1 |     7 |    10 ||    23
       Sacrifice Purity  |       |       |       |       |     1 |       |       |       |       ||     1
       Sacrifice Arcana  |       |       |       |       |     1 |       |       |       |       ||     1
       Sacrifice Experie |       |       |       |       |     1 |       |       |       |       ||     1
       Sacrifice Health  |       |       |       |       |     2 |       |       |       |       ||     2
       Reject Sacrifices |       |       |       |       |     1 |       |       |       |       ||     1
       Apocalypse        |       |       |       |       |     1 |     3 |     1 |     6 |     9 ||    20
       Power Leap        |       |       |       |       |       |     9 |     5 |       |     8 ||    22
 Abil: Evoke Flight      |       |       |       |       |       |       |       |     1 |       ||     1
Evoke: Wand              |       |       |     4 |    13 |       |       |       |       |     7 ||    24
  Use: Scroll            |       |     9 |    10 |    17 |    15 |     6 |     4 |     7 |    36 ||   104
       Potion            |       |       |     2 |     4 |     3 |       |       |     1 |    19 ||    29
 Stab: Distracted        |     1 |       |       |     2 |    11 |    10 |    12 |     5 |    38 ||    79
       Sleeping          |       |     2 |       |     7 |    16 |    11 |    10 |    18 |    13 ||    77
       Held in net/web   |       |       |     1 |     1 |       |       |       |       |       ||     2
       Invisible         |       |       |       |       |    13 |    10 |     9 |     6 |    21 ||    59
       Paralysed         |       |       |       |       |     5 |     3 |     7 |     8 |     3 ||    26
       Petrified         |       |       |       |       |       |       |     2 |       |     1 ||     3
       Petrifying        |       |       |       |       |       |       |       |       |     2 ||     2
       Confused          |       |       |       |       |       |       |       |       |     1 ||     1
  Eat: Chunk             |     1 |     9 |    13 |    24 |    52 |    18 |    37 |    30 |    27 ||   211
       Royal jelly       |       |     1 |     1 |       |     1 |     1 |       |       |    15 ||    19
       Meat ration       |       |       |       |     2 |       |       |       |     1 |     4 ||     7
       Bread ration      |       |       |       |     1 |     1 |       |       |     1 |    10 ||    13
       Fruit             |       |       |       |     1 |     1 |    13 |     3 |     5 |    10 ||    33
Armor: Leather armour    |    17 |    15 |       |       |       |       |       |       |       ||    32
       Ring mail         |       |     5 |    48 |   185 |   393 |    84 |    51 |       |       ||   766
       Skin              |       |       |    16 |     5 |       |       |       |       |       ||    21
       Troll leather arm |       |       |    11 |     6 |       |       |       |       |       ||    17
       Chain mail        |       |       |       |       |       |    41 |     5 |       |       ||    46
       Fire dragon scale |       |       |       |       |       |       |   111 |    73 |    83 ||   267
       Quicksilver drago |       |       |       |       |       |       |       |   125 |   384 ||   509
       Gold dragon scale |       |       |       |       |       |       |       |       |   266 ||   266
Dodge: Dodged            |    40 |    74 |   149 |   469 |  1341 |   747 |  1030 |   973 |  3278 ||  8101
